 Dungeon Crawl Stone Soup version 0.29-a0-40-g8eb35efe60 (webtiles) character file.

Game seed: 6848485448181656902

2839 Armakuni the Carver (level 9, -4/59 HPs)
             Began as a Deep Elf Berserker on Feb 1, 2022.
             Was a Believer of Trog.
             Slain by an ice beast (8 damage)
             ... on level 7 of the Dungeon.
             The game lasted 00:14:24 (5950 turns).

Armakuni the Carver (Deep Elf Berserker)            Turns: 5950, Time: 00:14:25

Health: -4/59      AC:  6    Str: 18    XL:     9   Next: 46%
Magic:  11/11      EV: 11    Int: 13    God:    Trog [**....]
Gold:   332        SH:  0    Dex: 14    Spells: 8/8 levels left

rFire   + . .      SeeInvis .   a - +2 dagger (elec)
rCold   . . .      Faith    .   (no shield)
rNeg    . . .      Spirit   .   i - +0 ring mail
rPois   +          Reflect  .   (no helmet)
rElec   .          Harm     .   j - +0 cloak
rCorr   +          Rampage  .   (no gloves)
Will    .....                   (no boots)
Stlth   ++........              R - amulet of regeneration
HPRegen 0.99/turn               K - ring "Fuvonor" {rPois rF+ rCorr Stlth+}
MPRegen 0.12/turn               (no ring)

@: on berserk cooldown, slowed, very slow
A: no striking features
a: Renounce Religion, Berserk, Trog's Hand


You were on level 7 of the Dungeon.
You worshipped Trog.
Trog was pleased with you.
You visited 1 branch of the dungeon, and saw 7 of its levels.

You collected 447 gold pieces.
You spent 115 gold pieces at shops.

Inventory:

Hand Weapons
 a - a +2 dagger of electrocution (weapon)
 b - a +0 long sword
 c - a +0 dagger of venom
Missiles
 q - a throwing net (quivered)
Armour
 i - a +0 ring mail (worn)
 j - a +0 cloak (worn)
 o - a +2 chain mail of fire resistance
Jewellery
 A - a ring of protection from fire
 H - an amulet of reflection
 J - a ring of ice
 K - the ring "Fuvonor" (left hand) {rPois rF+ rCorr Stlth+}
   (You found it on level 5 of the Dungeon)

   [ring of protection from fire]

   rF:        It protects you from fire.
   rPois:     It protects you from poison.
   rCorr:     It protects you from acid and corrosion.
   Stlth:     It makes you more stealthy.
 R - an amulet of regeneration (around neck)
Wands
 h - a wand of acid (11)
 p - a wand of polymorph (12)
 t - a wand of digging (3)
 v - a wand of flame (16)
Scrolls
 g - a scroll of vulnerability
 m - 2 scrolls of identify
 s - a scroll of enchant weapon
 u - a scroll of silence {unknown}
 w - a scroll of immolation {unknown}
 x - a scroll of fog
 y - 2 scrolls of teleportation
 z - a scroll of blinking {unknown}
Potions
 d - a potion of haste
 e - 4 potions of flight
 f - 2 potions of ambrosia
 k - a potion of might {unknown}
 l - a potion of berserk rage {unknown}
 n - a potion of curing {unknown}
 r - a potion of magic


   Skills:
 + Level 8.2 Fighting
 + Level 9.0 Long Blades
 - Level 1.5 Armour
 - Level 2.4 Dodging


You had 8 spell levels left.
You didn't know any spells.
Your spell library was empty.

Dungeon Overview and Level Annotations

Branches:
Dungeon (7/15)             Temple (0/1) D:6

Altars:
Cheibriados
Gozag
Hepliaklqana
Ru
Yredelemnul
The Shining One

Shops:
D:4 ?

Annotations:
D:5 1 runed translucent door


Message History

The orc is almost dead.
The orc warrior shouts!
The orc barely misses you.
The orc hits you with a +0 dagger of speed.
The ice beast closely misses you.
The orc priest shouts!
You hit the orc but do no damage.
The orc is almost dead.
The orc misses you. The ice beast misses you.
The orc priest casts a cantrip, but nothing happens.
You hit the orc.
You kill the orc!
Trog accepts your kill. The ice beast hits you. The ice beast freezes you!
Okay, then.
Your skin crawls.
You feel strong-willed. The scorpion stings you.
The ice beast hits you but does no damage.
The scorpion stings you.
You feel the effects of Trog's Hand fading.
The ice beast hits you. The ice beast freezes you!
* * * LOW HITPOINT WARNING * * *
The scorpion stings you!
* * * LOW HITPOINT WARNING * * *
The ice beast closely misses you. The orc barely misses you.
Okay, then.
The ice beast hits you but does no damage.
The scorpion stings you.
* * * LOW HITPOINT WARNING * * *
Okay, then.
The ice beast closely misses you.
The scorpion stings you but does no damage.
The scorpion stings you.
* * * LOW HITPOINT WARNING * * *
Your skin stops crawling.
You feel less strong-willed. The ice beast hits you.
* * * LOW HITPOINT WARNING * * *
The ice beast freezes you!
You die...

###.....##..#...
###########.###...........
#..##....#..##............
#........#......##........
#.....#.....#..###....##..
..##....##.......# #..#.# .
...#.........##..###.#### ..
..###.##..####..###...# ...
...#..##.....##.@#....###....
............. ##Y#..#........
...##..##....###so..#)...##.#
..##...........oo....).###
.................)...).#
#................#.....#
.................#..###....
....................# ....
................[##.# .##..


You could see an orc warrior, an ice beast, a scorpion, an orc priest and an
orc.

Vanquished Creatures
  A centaur zombie (D:6)
  A water moccasin (D:7)
  Duvessa (D:4)
  A black bear (D:6)
  An orc warrior (D:6)
  2 ice beasts
  2 sky beasts
  2 necrophages
  2 ogres
  A centaur (D:5)
  A bullfrog (D:6)
  A wyvern zombie (D:5)
  A scorpion (D:5)
  A wyvern skeleton (D:7)
  Dowan (D:4)
  4 killer bees (D:7)
  A howler monkey (D:6)
  3 hounds
  A bullfrog zombie (D:6)
  3 orc priests
  A jelly (D:5)
  3 gnoll shamans
  A human skeleton (D:5)
  A scorpion zombie (D:5)
  An iguana (D:6)
  4 orc wizards (D:7)
  A hound skeleton (D:4)
  A howler monkey zombie (D:7)
  5 adders
  16 gnolls
  An ufetubus (D:4)
  A worm (D:5)
  A dart slug (D:4)
  15 orcs
  4 ball pythons
  5 endoplasms
  3 giant cockroaches (D:5)
  6 goblins
  2 hobgoblins
  4 jackals (D:3)
  5 quokkas
  5 bats
  3 frilled lizards
  A jackal skeleton (D:4)
  6 kobolds
  A kobold skeleton (D:5)
  4 rats
  A spectral kobold (D:7)
133 creatures vanquished.

Vanquished Creatures (others)
  2 fungi (D:3)
2 creatures vanquished.

Grand Total: 135 creatures vanquished

Notes
Turn   | Place    | Note
-------+----------+-------------------------------------------
     0 | D:1      | Armakuni the Deep Elf Berserker began the quest for the
                  | Orb.
     0 | D:1      | Reached XP level 1. HP: 13/13 MP: 3/3
   293 | D:1      | Reached skill level 3 in Long Blades
   350 | D:1      | Reached XP level 2. HP: 18/18 MP: 4/4
   988 | D:2      | Reached XP level 3. HP: 23/23 MP: 5/5
  1162 | D:2      | HP: 1/23 [gnoll shaman (12)]
  1246 | D:2      | Reached XP level 4. HP: 28/28 MP: 6/6
  1556 | D:2      | Reached skill level 4 in Long Blades
  1556 | D:2      | Reached XP level 5. HP: 33/33 MP: 7/7
  1875 | D:3      | Found a sacrificial altar of Ru.
  2031 | D:3      | Found a glowing golden altar of the Shining One.
  2198 | D:3      | Noticed an ogre
  2206 | D:3      | Killed an ogre
  2207 | D:3      | Reached XP level 6. HP: 39/39 MP: 8/8
  2949 | D:4      | Found an opulent altar of Gozag.
  3035 | D:4      | Reached skill level 5 in Long Blades
  3247 | D:4      | Found Caano's Magic Scroll Shop.
  3259 | D:4      | Bought a scroll of identify for 20 gold pieces
  3259 | D:4      | Bought a scroll of identify for 20 gold pieces
  3259 | D:4      | Bought a scroll of enchant weapon for 75 gold pieces
  3448 | D:5      | Entered Level 5 of the Dungeon
  3572 | D:5      | Reached skill level 5 in Fighting
  3572 | D:5      | Reached XP level 7. HP: 22/44 MP: 9/9
  3702 | D:5      | Reached skill level 6 in Long Blades
  3716 | D:5      | Noticed Duvessa
  3719 | D:5      | Noticed Dowan
  3887 | D:4      | Killed Duvessa
  3893 | D:4      | Killed Dowan
  3987 | D:5      | Noticed a human
  3988 | D:5      | Found a runed translucent door.
  3989 | D:5      | Identified the ring "Fuvonor" {rPois rF+ rCorr Stlth+}
  3998 | D:5      | Reached XP level 8. HP: 48/51 MP: 10/10
  4002 | D:5      | Found a basalt altar of Yredelemnul.
  4216 | D:5      | Reached ** piety under Trog
  4350 | D:6      | Found a snail-covered altar of Cheibriados.
  4700 | D:6      | Reached skill level 7 in Long Blades
  4832 | D:6      | Reached skill level 8 in Long Blades
  4978 | D:6      | Reached XP level 9. HP: 57/57 MP: 11/11
  5496 | D:6      | Found a staircase to the Ecumenical Temple.
  5724 | D:7      | Found a hazy altar of Hepliaklqana.
  5942 | D:7      | Reached skill level 9 in Long Blades
  5947 | D:7      | HP: 1/59 [scorpion (5)]
  5950 | D:7      | Slain by an ice beast

Illustrated notes

Levels and vault maps discovered:
D:1:      wander_arrival_peaceful_grave, layout_basic, minmay_pentomino_t4
D:2:      layout_loops_ring
D:3:      layout_basic, tso_metal_star, mainiacjoe_overflow_chevrons,
          minmay_door_square
D:4:      layout_loops_cross, nicolae_gozag_seed_capital, serial_shops,
          nicolae_lakefront_shop, hangedman_decor_push
D:5:      layout_rooms, dk_yredelemnul_ordeal, portal_sewer_entry_f,
          uniq_duvessa
D:6:      layout_basic, cheibriados_altar_1, temple_hall
D:7:      layout_cave_pools, nicolae_hepliaklqana_monster_ancestors,
          minmay_ruined_shrine

Skill      XL: |  1  2  3  4  5  6  7  8  9 |
---------------+----------------------------+-----
Long Blades    | 3 4 5 6 8 9 |  9.0
Fighting       | 3 4 5 6 7 8 |  8.2
Armour         | |  1.5
Dodging        | |  2.4

Action                   |  1- 3 |  4- 6 |  7- 9 || total
-------------------------+-------+-------+-------++-------
Melee: Falchion          |    21 |       |       ||    21
       Dagger            |    40 |   113 |   287 ||   440
       Punch             |       |     1 |     3 ||     4
Invok: Berserk           |     5 |    10 |    11 ||    26
       Trog's Hand       |       |       |     1 ||     1
Evoke: Wand              |       |       |     3 ||     3
  Use: Scroll            |     2 |     6 |     4 ||    12
       Potion            |       |     1 |       ||     1
 Stab: Sleeping          |     2 |       |       ||     2
Armor: Animal skin       |    14 |       |       ||    14
       Ring mail         |       |    36 |   110 ||   146
Dodge: Dodged            |    37 |    76 |   153 ||   266

Table legend: (Time is in decaauts)
 A = Elapsed time spent in this place.
 B = Non-inter-level travel time spent in this place.
 C = Inter-level travel time spent in this place.
 D = Time resting spent in this place.
 E = Time spent auto-exploring this place.
 F = Levels seen in this place.
 G = Mean time per level.
                   A        B        C        D        E       F      G
               +--------+--------+--------+--------+--------+-----+--------+
         Total |   6105 |   5905 |    200 |   1294 |   3174 |   7 |  872.1 |
       Dungeon |   6105 |   5905 |    200 |   1294 |   3174 |   7 |  872.1 |
               +--------+--------+--------+--------+--------+-----+--------+

Top non-repeatable levels by time:
     D:6: 1297 daAuts
     D:2: 1031 daAuts
     D:1: 948 daAuts
     D:3: 905 daAuts
     D:4: 868 daAuts
     D:5: 718 daAuts
     D:7: 337 daAuts
